 Dungeon Crawl Stone Soup version 0.29-a0-334-gb41bcbb86e (webtiles) character file.

Game seed: 14207750414485400477

79 ImHallYall the Chopper (level 4, 0/33 HPs)
             Began as a Demonspawn Gladiator on Apr 13, 2022.
             Was a Follower of Uskayaw.
             Slain by Grinder (6 damage)
             ... on level 3 of the Dungeon.
             The game lasted 00:04:52 (2816 turns).

ImHallYall the Chopper (Demonspawn Gladiator)       Turns: 2816, Time: 00:04:52

Health: 0/33       AC: 11    Str: 16    XL:     4   Next: 16%
Magic:  4/4        EV:  6    Int:  9    God:    Uskayaw [*.....]
Gold:   143        SH:  4    Dex: 15    Spells: 3/3 levels left

rFire   . . .      SeeInvis .   a - +0 war axe
rCold   . . .      Faith    .   (no shield)
rNeg    . . .      Spirit   .   o - +0 plate armour
rPois   .          Reflect  .   c - +0 helmet
rElec   .          Harm     .   (no cloak)
rCorr   .          Rampage  .   (no gloves)
Will    .....                   (no boots)
Stlth   ..........              (no amulet)
HPRegen 0.11/turn               (no ring)
MPRegen 0.09/turn               (no ring)

@: no status effects
A: sturdy frame 1, condensation shield, demonic magic 1
a: Renounce Religion, Stomp


You were on level 3 of the Dungeon.
You worshipped Uskayaw.
Uskayaw was noncommittal.
You visited 1 branch of the dungeon, and saw 3 of its levels.

You collected 143 gold pieces.

Inventory:

Hand Weapons
 a - a +0 war axe (weapon)
Missiles
 d - 3 throwing nets (quivered)
 e - a javelin
 h - 6 boomerangs
Armour
 b - a +0 leather armour
 c - a +0 helmet (worn)
 i - a +0 chain mail
 o - a +0 plate armour (worn)
Scrolls
 f - a scroll of torment {unknown}
 g - a scroll of enchant armour {unknown}
 j - a scroll of magic mapping {unknown}
 l - a scroll of holy word {unknown}
 m - a scroll of noise {unknown}
 n - a scroll of immolation {unknown}
 r - a scroll of identify {unknown}
Potions
 k - a potion of heal wounds {unknown}
 p - a potion of curing {unknown}
 q - a potion of invisibility {unknown}


   Skills:
 + Level 2.3 Fighting
 + Level 4.0 Axes
 + Level 1.9 Throwing
 + Level 0.6 Armour
 + Level 3.0 Dodging
 + Level 0.1 Shields


You had 3 spell levels left.
You didn't know any spells.
Your spell library was empty.

Dungeon Overview and Level Annotations

Branches:
Dungeon (3/15)

Altars:
Uskayaw

Annotations:
D:3 Grinder


Innate Abilities, Weirdness & Mutations

Your movements are slightly less encumbered by armour. (ER -2)
A meltable shield of frost defends you. (SH +4)
Spells you cast may paralyse adjacent enemies.


Message History

There is a stone staircase leading down here.
You climb downwards.
There is a stone staircase leading up here.
Found a stone staircase leading down.
There is a stone staircase leading down here.
r - a scroll labelled KYTI TIOSESYCK You now have 143 gold pieces (gained 8).
Grinder comes into view.
Grinder shouts!
Grinder gestures at you. You resist with significant effort.
Grinder gestures at you. You resist with significant effort.
Grinder hits you but does no damage.
You barely miss Grinder. Grinder hits you but does no damage.
You hit Grinder.
Grinder is lightly wounded.
Grinder barely misses you.
You slash Grinder!
Grinder is moderately wounded.
Grinder hits you.
You writhe in agony.
You completely miss Grinder.
Grinder is moderately wounded.
Grinder gestures at you.
You suddenly lose the ability to move!
Grinder hits you but does no damage. Grinder gestures at you.
You shrug off the repeated paralysis!
Grinder hits you.
You writhe in agony.
You can move again.
You barely miss Grinder.
Grinder is moderately wounded.
Grinder hits you.
You writhe in agony.
* * * LOW HITPOINT WARNING * * *
You barely miss Grinder.
Grinder is moderately wounded.
Grinder barely misses you.
You barely miss Grinder.
Grinder is moderately wounded.
Grinder hits you but does no damage. Grinder hits you.
You die...

#...........#
#.#..#
#.###########
#.#..# #.#
#.#..# #.# #..#
#.# #..# #.#
#.#
#.#############
#......@5......
############...


You could see Grinder.

Vanquished Creatures
  4 adders (D:2)
  2 dart slugs
  5 bats
  3 endoplasms
  A giant cockroach (D:2)
  4 goblins
  A hobgoblin (D:1)
  3 kobolds
  3 quokkas
  3 ball pythons
  4 frilled lizards
  5 rats
38 creatures vanquished.

Notes
Turn   | Place    | Note
-------+----------+-------------------------------------------
     0 | D:1      | ImHallYall the Demonspawn Gladiator began the quest for the
                  | Orb.
     0 | D:1      | Reached XP level 1. HP: 16/16 MP: 1/1
   284 | D:1      | Found a faded altar of an unknown god.
   292 | D:1      | Prayed at the altar of an unknown god.
   292 | D:1      | Became a worshipper of Uskayaw the Reveller
   292 | D:1      | Reached * piety under Uskayaw
   302 | D:1      | Reached skill level 3 in Axes
   303 | D:1      | Reached ** piety under Uskayaw
   315 | D:1      | Gained mutation: A meltable shield of frost defends you.
                  | (SH +4) [demonic ancestry]
   315 | D:1      | Reached XP level 2. HP: 8/22 MP: 2/2
  1727 | D:2      | Reached *** piety under Uskayaw
  1728 | D:2      | Gained mutation: Spells you cast may paralyse adjacent
                  | enemies. [demonic ancestry]
  1728 | D:2      | Reached XP level 3. HP: 22/27 MP: 3/3
  2168 | D:2      | Reached skill level 4 in Axes
  2331 | D:2      | Gained mutation: Your movements are slightly less
                  | encumbered by armour. (ER -2) [demonic ancestry]
  2331 | D:2      | Reached XP level 4. HP: 33/33 MP: 4/4
  2799 | D:3      | Noticed Grinder
  2811 | D:3      | Paralysed by Grinder for 3 turns
  2816 | D:3      | Slain by Grinder

Illustrated notes

Levels and vault maps discovered:
D:1:      sevenhm_arrival_forest_fort_large_3, layout_basic,
          basic_ecumenical_altar
D:2:      minmay_spotlight, layout_rooms, serial_forest,
          infiniplex_forest_end_2, infiniplex_forest_lined_3,
          infiniplex_forest_clump_double, infiniplex_forest_corner_2,
          infiniplex_forest_end_1, infiniplex_forest_lined_1,
          infiniplex_forest_lined_2, infiniplex_forest_straight_4,
          infiniplex_forest_lined_room_
D:3:      layout_basic, serial_park_tiny_1, minivault_25, uniq_grinder

Skill      XL: |  1  2  3 |
---------------+----------+-----
Axes           | 3 4 |  4.0
Dodging        | 3 |  3.0
Fighting       | |  2.3
Throwing       | |  1.9
Armour         | |  0.6
Shields        | |  0.1

Action                   |  1- 3 |  4- 6 || total
-------------------------+-------+-------++-------
Melee: War axe           |   111 |    25 ||   136
       Punch             |     2 |       ||     2
Invok: Stomp             |     2 |       ||     2
Armor: Leather armour    |    24 |       ||    24
       Chain mail        |    36 |       ||    36
       Plate armour      |    15 |    15 ||    30
Dodge: Dodged            |    89 |     9 ||    98
Block: Other             |    16 |     4 ||    20

Table legend: (Time is in decaauts)
 A = Elapsed time spent in this place.
 B = Non-inter-level travel time spent in this place.
 C = Inter-level travel time spent in this place.
 D = Time resting spent in this place.
 E = Time spent auto-exploring this place.
 F = Levels seen in this place.
 G = Mean time per level.
                   A        B        C        D        E       F      G
               +--------+--------+--------+--------+--------+-----+--------+
         Total |   2860 |   2732 |    128 |    353 |   1845 |   3 |  953.3 |
       Dungeon |   2860 |   2732 |    128 |    353 |   1845 |   3 |  953.3 |
               +--------+--------+--------+--------+--------+-----+--------+

Top non-repeatable levels by time:
     D:1: 1738 daAuts
     D:2: 1029 daAuts
     D:3: 92 daAuts
